 Dungeon Crawl Stone Soup version 0.30.1-4-g462c640d31 (webtiles) character file.

Game seed: 1103341815861138704

176 Summon the Chopper (level 5, -2/47 HPs)
             Began as a Minotaur Berserker on Sept 5, 2023.
             Was a Priest of Trog.
             Slain by Pikel
             ... wielding a +0 whip of flaming
              (7 damage)
             ... on level 4 of the Dungeon.
             The game lasted 00:11:17 (3174 turns).

Summon the Chopper (Minotaur Berserker)             Turns: 3174, Time: 00:11:18

Health: -2/47      AC:  2    Str: 23    XL:     5   Next: 30%
Magic:  4/4        EV: 12    Int:  4    God:    Trog [***...]
Gold:   153        SH:  0    Dex: 10    Spells: 4/4 levels left

rFire   . . .        a - +0 war axe
rCold   . . .        (no shield)
rNeg    . . .        j - +0 animal skin
rPois   .            (helmet restricted)
rElec   .            (no cloak)
rCorr   .            (no gloves)
SInv    .            (no boots)
Will    .....        t - amulet of magic regeneration
Stlth   +            (no ring)
HPRegen 0.27/turn    (no ring)
MPRegen 0.49/turn

%: no passive effects
@: no status effects
A: horns 2, retaliatory headbutt
a: Renounce Religion, Berserk, Trog's Hand


You were on level 4 of the Dungeon.
You worshipped Trog.
Trog was most pleased with you.
You visited 1 branch of the dungeon, and saw 4 of its levels.

You collected 153 gold pieces.

Inventory:

Hand Weapons
 a - a +0 war axe (weapon)
 b - a +1 sling of draining
 q - a +0 hand axe
Missiles
 k - 16 stones (quivered)
 p - a throwing net
Armour
 j - a +0 animal skin (worn)
Jewellery
 t - an amulet of magic regeneration (around neck)
Scrolls
 c - a scroll of teleportation {unknown}
 g - 2 scrolls of brand weapon {unknown}
 i - a scroll of enchant weapon {unknown}
 l - 7 scrolls of identify {unknown}
 m - a scroll of poison {unknown}
 s - a scroll of noise {unknown}
 u - a scroll of fear {unknown}
 v - a scroll of blinking {unknown}
Potions
 d - 2 potions of attraction {unknown}
 e - a potion of lignification {unknown}
 f - 2 potions of curing {unknown}
 h - 3 potions of heal wounds {unknown}
 n - a potion of ambrosia {unknown}
 o - a potion of brilliance {unknown}
 r - 3 potions of magic {unknown}


   Skills:
 + Level 4.6 Fighting
 * Level 5.3 Axes
 + Level 3.6 Armour
 + Level 3.3 Dodging


You had 4 spell levels left.
You didn't know any spells.
Your spell library was empty.

Dungeon Overview and Level Annotations

Branches:
Dungeon (4/15)
 Temple: D:4-7

Altars:
Okawaru

Shops:
D:1 (

Annotations:
D:4 Pikel


Innate Abilities, Weirdness & Mutations

You have a pair of horns on your head.
You reflexively headbutt those who attack you in melee.


Message History

A lemure comes into view.
The lemure shouts!
Pikel waves his whip at you. Pikel closely misses you.
The lemure shouts!
You hit Pikel. Your headbutt misses Pikel.
Pikel is lightly wounded.
You hear a shout!
Pikel barely misses you.
You hit Pikel but do no damage.
Pikel is lightly wounded.
Pikel barely misses you. You furiously retaliate!
You headbutt Pikel! Pikel closely misses you. You furiously retaliate!
You headbutt Pikel! You barely miss Pikel. Your headbutt misses Pikel.
Pikel is heavily wounded.
You closely miss the lemure.
Pikel hits you with a +0 whip of flaming.
Pikel burns you.
You barely miss Pikel. You headbutt Pikel.
Pikel is heavily wounded.
You hit the lemure.
Pikel hits you with a +0 whip of flaming.
Pikel burns you. The lemure closely misses you.
You hit Pikel. Your headbutt misses Pikel.
Pikel is severely wounded.
You hit the lemure. You hit the lemure but do no damage.
Pikel hits you with a +0 whip of flaming!
Pikel burns you. The lemure completely misses you. The lemure hits you!
You hit Pikel. Your headbutt misses Pikel.
Pikel is almost dead.
You slash the lemure! You miss the lemure.
Pikel hits you with a +0 whip of flaming!
* * * LOW HITPOINT WARNING * * *
Pikel burns you.
* * * LOW HITPOINT WARNING * * *
The lemure closely misses you. The lemure hits you.
* * * LOW HITPOINT WARNING * * *
The lemure closely misses you. The lemure misses you.
Pikel hits you with a +0 whip of flaming!
You die...

....############.<........#######
##..........)...........###
##.#############........# #..#
#........###.### #.##
#............# ..######
#.........####
.......###......5..#
######....###5.55..### #
####.###.#K@....#
#.......#..###.# #.......#..# #.#
#######.......#..# #.#
)................# #.#
#######.......#)## #.# .#
#.......#.# #.# .######.......#.#
##.# .............##.# #..#


You could see Pikel and 4 lemures.

Vanquished Creatures
  An orc priest (D:3)
  An orc wizard (D:3)
  A gnoll (D:1)
  2 adders
  2 worms (D:2)
  A dart slug (D:2)
  8 orcs
  7 endoplasms
  5 giant cockroaches
  6 goblins
  5 hobgoblins
  5 jackals (D:2)
  5 kobolds
  4 quokkas
  3 ball pythons
  8 bats
  7 frilled lizards
  6 rats
77 creatures vanquished.

Notes
Turn   | Place    | Note
-------+----------+-------------------------------------------
     0 | D:1      | Summon the Minotaur Berserker began the quest for the Orb.
     0 | D:1      | Reached XP level 1. HP: 19/19 MP: 0/0
   103 | D:1      | Found a faded altar of an unknown god.
   116 | D:1      | Found Evaisobb's Weapon Boutique.
   184 | D:1      | Reached XP level 2. HP: 27/27 MP: 1/1
   228 | D:1      | You fall into a shaft and drop 1 floor!
   278 | D:2      | Reached skill level 4 in Axes
   479 | D:1      | Reached ** piety under Trog
   498 | D:1      | Reached XP level 3. HP: 33/33 MP: 2/2
  1001 | D:2      | Identified the +0 chain mail of the Albatross {Harm Rampage
                  | Fly Will+}
  1428 | D:2      | Reached XP level 4. HP: 40/40 MP: 3/3
  1933 | D:3      | Reached skill level 5 in Axes
  2461 | D:3      | Reached XP level 5. HP: 47/47 MP: 4/4
  2478 | D:3      | Reached *** piety under Trog
  2578 | D:3      | Found an iron altar of Okawaru.
  2720 | D:4      | Noticed a lemure
  2720 | D:4      | Noticed a lemure
  2725 | D:4      | Noticed a lemure
  3165 | D:4      | Noticed Pikel
  3166 | D:4      | Noticed a lemure
  3174 | D:4      | Slain by Pikel

Illustrated notes

Levels and vault maps discovered:
D:1:      minmay_arrival_arboretum_small, layout_loops_ring,
          ebering_ecumenical_altar_mist, serial_shops, shop
D:2:      layout_loops_cross
D:3:      layout_loops_corners, okawaru_trees_1
D:4:      layout_rooms, st_stairs_12, dk_vineyard_2, uniq_pikel

Skill      XL: |  1  2  3  4 |
---------------+-------------+-----
Axes           | 4 5 |  5.3
Fighting       | 4 |  4.6
Armour         | 3 |  3.6
Dodging        | 3 |  3.3

Action                     |  1- 3 |  4- 6 || total
---------------------------+-------+-------++-------
  Melee: Hand axe          |    66 |    38 ||   104
         Headbutt          |    16 |     9 ||    25
         Punch             |     1 |       ||     1
         War axe           |       |    44 ||    44
   Fire: Sling             |       |     1 ||     1
  Throw: Stone             |       |    15 ||    15
   Stab: Sleeping          |     1 |     1 ||     2
 Armour: Animal skin       |    15 |     4 ||    19
  Dodge: Dodged            |    48 |    51 ||    99
